 Dungeon Crawl Stone Soup version 0.27.1-34-g3ba077fa99 (webtiles) character file.

Game seed: 7272381152213746161

113 sankara the Insei (level 4, -3/35 HPs)
             Began as a Draconian Transmuter on Jan 17, 2022.
             Was a Priest of Lugonu.
             Slain by an orc (4 damage)
             ... on level 3 of the Dungeon.
             The game lasted 00:09:02 (3064 turns).

sankara the Insei (Draconian Transmuter)            Turns: 3064, Time: 00:09:02

Health: -3/35      AC:  5    Str: 12    XL:     4   Next: 65%
Magic:  6/7        EV: 12    Int: 14    God:    Lugonu [***...]
Gold:   89         SH:  0    Dex: 12    Spells: 1/7 levels left

rFire    . . .     SeeInvis .     - Unarmed
rCold    . . .     Faith    .   (no shield)
rNeg     . . .     Spirit   .   (armour unavailable)
rPois    .         Reflect  .   (helmet currently unavailable)
rElec    .         Harm     .   (no cloak)
rCorr    +         Rampage  .   (no gloves)
Will     .....                  (boots currently unavailable)
Stlth    +.........             (no amulet)
HPRegen  0.11/turn              j - ring of resist corrosion
MPRegen  0.10/turn              (no ring)

@: appendages
A: horns 2, talons 2, AC +5, unfitting armour, cold-blooded
a: End Transformation, Renounce Religion, Depart the Abyss, Bend Space, Banish


You were on level 3 of the Dungeon.
You worshipped Lugonu.
Lugonu was most pleased with you.
You had temporarily grown beastly horns and talons.
You visited 1 branch of the dungeon, and saw 3 of its levels.

You collected 89 gold pieces.

Inventory:

Hand Weapons
 b - a +0 dagger
 f - a +2 short sword of flaming
Missiles
 d - 16 poisoned darts
 e - 28 stones
 h - 3 atropa-tipped darts
Armour
 l - a +0 pair of boots (melded)
Magical Staves
 a - a staff of earth
Jewellery
 j - a ring of resist corrosion (left hand)
Scrolls
 c - 2 scrolls of teleportation {unknown}
 k - a scroll of vulnerability {unknown}
Potions
 g - a potion of heal wounds {unknown}
 i - a potion of cancellation {unknown}


   Skills:
 - Level 1.1 Fighting
 - Level 1.7 Dodging
 * Level 4.5 Unarmed Combat
 - Level 2.0 Spellcasting
 + Level 3.0 Transmutations
 + Level 1.3 Poison Magic


You had one spell level left.
You knew the following spells:

 Your Spells              Type           Power      Damage    Failure   Level
a - Beastly Appendage     Tmut           20%        N/A       7%          1
b - Wereblood             Tmut           10%        N/A       11%         2
c - Spider Form           Tmut/Pois      3%         N/A       28%         3

Your spell library contained the following spells:

 Spells                   Type           Power      Damage    Failure   Level
 Static Discharge         Conj/Air       1%         N/A       34%         2
 Ice Form                 Ice/Tmut       5%         N/A       77%         4
 Dispel Undead            Necr           1%         3d6       93%         4
 Sticky Flame             Conj/Fire      1%         2d3       93%         4


Dungeon Overview and Level Annotations

Branches:
Dungeon (3/15)

Altars:
Qazlal
Lugonu


Innate Abilities, Weirdness & Mutations

You have temporarily grown beastly horns and talons.
Your plain brown scales are hard. (AC +5)
You cannot fit into any form of body armour.
You are cold-blooded and may be slowed by cold attacks.


Message History

No target in view!
No target in view!
No target in view!
Your horns disappear.
Your talons disappear.
Your +0 pair of boots unmelds from your body.
An orc comes into view.
It is wielding a +1 flail of protection.
An orc is nearby!
An orc is nearby!
An orc is nearby!
Casting: Beastly Appendage (safe; 7% risk of failure)
Confirm with . or Enter, or press ? or * to list all spells.
You grow a pair of large bovine horns.
Your feet morph into talons.
Your +0 pair of boots melds into your body.
Things that are here:
a +0 club; a +0 leather armour; a hobgoblin corpse You hit the orc but do no damage.
You tail-slap the orc, but do no damage.
The orc misses you.
You closely miss the orc.
You tail-slap the orc, but do no damage.
The orc hits you with a +1 flail of protection.
You are too injured to fight recklessly!
You are too injured to fight recklessly!
You are too injured to fight recklessly!
You are too injured to fight recklessly!
You barely miss the orc.
The orc hits you with a +1 flail of protection.
You hit the orc but do no damage.
The orc hits you with a +1 flail of protection!
* * * LOW HITPOINT WARNING * * *
You hit the orc but do no damage. You headbutt the orc, but do no damage.
The orc hits you with a +1 flail of protection.
* * * LOW HITPOINT WARNING * * *
You hit the orc. Your kick misses the orc.
The orc is severely wounded.
The orc closely misses you.
You closely miss the orc. You claw the orc, but do no damage.
The orc is severely wounded.
The orc hits you with a +1 flail of protection.
You die...

'##'##+##+##+....>...# ..# .
#..#.....#..#......#.##..#..
#..#'###+#..#...#...........
#..#.....#..#...#..#........
+..+.._..'..'...#..#.....##.
#..#.....#..#..†!....)......
#..#+###+#..#...............
#..# #..#...............
+##+..o@........##.
#.<..).........
#.#.............
#.##.#.#.####... .........#
.#. ##.#.... #.#.#.##
#.#.#.#


You could see an orc.

Vanquished Creatures
  4 adders
  3 worms (D:2)
  A dart slug (D:2)
  2 orcs (D:3)
  6 endoplasms
  3 giant cockroaches
  8 goblins
  5 hobgoblins
  A jackal (D:2)
  5 quokkas
  2 ball pythons
  5 bats
  2 frilled lizards (D:1)
  6 kobolds
  8 rats
61 creatures vanquished.

Notes
Turn   | Place    | Note
-------+----------+-------------------------------------------
     0 | D:1      | sankara the Draconian Transmuter began the quest for the
                  | Orb.
     0 | D:1      | Reached XP level 1. HP: 16/16 MP: 3/3
   235 | D:1      | Reached XP level 2. HP: 23/23 MP: 3/5
   260 | D:1      | Learned a level 2 spell: Wereblood
   357 | D:1      | Found a faded altar of an unknown god.
   597 | D:1      | Became a worshipper of Lugonu the Unformed
   597 | D:1      | Reached * piety under Lugonu
   597 | D:1      | Reached ** piety under Lugonu
  1426 | D:1      | Reached XP level 3. HP: 27/28 MP: 4/6
  1430 | D:1      | Learned a level 3 spell: Spider Form
  1646 | D:2      | Reached skill level 4 in Unarmed Combat
  1646 | D:2      | HP: 1/28 [worm (8)]
  2270 | D:2      | Reached XP level 4. HP: 30/35 MP: 5/7
  2447 | D:2      | Reached skill level 1 in Poison Magic
  2451 | D:2      | Reached *** piety under Lugonu
  2940 | D:3      | Found a stormy altar of Qazlal.
  3062 | D:3      | HP: 1/35 [orc (2)]
  3064 | D:3      | Slain by an orc

Illustrated notes

Levels and vault maps discovered:
D:1:      dpeg_arrival_boxes_within_box, layout_loops_ring,
          chequers_ecumenical_altar_island
D:2:      wad_river_or_something, layout_basic
D:3:      layout_basic, mainiacjoe_overflow_24_doors

Skill      XL: |  1  2  3  4 |
---------------+-------------+-----
Unarmed Combat | 4 |  4.5
Poison Magic   | 1 |  1.3
Transmutations | 3 |  3.0
Fighting       | |  1.1
Dodging        | |  1.7
Spellcasting   | |  2.0

Action                   |  1- 3 |  4- 6 || total
-------------------------+-------+-------++-------
Melee: Unarmed           |   105 |    64 ||   169
       Kick              |    18 |     9 ||    27
       Headbutt          |    13 |    12 ||    25
       Tailslap          |     6 |     5 ||    11
       Punch             |     1 |       ||     1
 Cast: Beastly Appendage |    32 |    11 ||    43
Armor: Skin              |    24 |    27 ||    51
Dodge: Dodged            |    59 |    33 ||    92
